 Dungeon Crawl Stone Soup version 0.31-a0-8-gd14b0f4ee2 (webtiles) character file.

Game seed: 10394035791888817712

134351 Morbidden the Thaumaturge (level 17, -3/85 HPs)
             Began as a Vine Stalker Fire Elementalist on May 7, 2023.
             Was the Champion of Cheibriados.
             Slain by a radroach (37 damage)
             ... on level 3 of the Spider Nest.
             The game lasted 00:51:29 (27541 turns).

Morbidden the Thaumaturge (VSFE)                   Turns: 27541, Time: 00:51:29

Health: -3/85      AC: 26    Str: 27    XL:     17   Next: 16%
Magic:  0/44       EV: 11    Int: 41    God:    Cheibriados [******]
Gold:   1684       SH: 16    Dex: 37    Spells: 16/40 levels left

rFire   . . .        a - +8 demon blade "Leech" {evervamp, Harm Drain rN+}
rCold   . . .        Q - +1 kite shield {reflect}
rNeg    + . .        N - +11 crystal plate armour of the Heavens {rCorr}
rPois   +            S - +3 hat of Pondering {ponderous, Will+ MP+10 Int+5}
rElec   .            J - +2 cloak
rCorr   +            (no gloves)
SInv    .            l - +1 pair of boots
Will    +++..        u - amulet of regeneration Stlth
                     m - +6 ring of dexterity
HPRegen 1.94/turn    I - ring of poison resistance
MPRegen 0.29/turn

%: harm (+30% outgoing, +20% incoming), reflection, guardian spirit
@: corroded, very slow
A: fangs 3, regeneration 1, magic shield, antimagic bite, no potion heal 2
a: Renounce Religion, Bend Time, Temporal Distortion, Slouch, Step From Time


You were on level 3 of the Spider Nest.
You worshipped Cheibriados.
Cheibriados was exalted by your worship.
You visited 6 branches of the dungeon, and saw 27 of its levels.

You collected 2457 gold pieces.
You spent 773 gold pieces at shops.

Inventory:

Hand Weapons
 a - the +8 demon blade "Leech" (weapon) {evervamp, Harm Drain rN+}
   (You found it on level 2 of the Lair of Beasts)

   rN:        It protects you from negative energy.
   Drain:     It drains your maximum health when unequipped.
   Harm:      It increases damage dealt and taken.
 b - a +2 dagger of venom
 q - a +0 short sword of electrocution
 x - the +7 dagger of the Past {drain, Contam rElec Str+4}
   (You found it on level 3 of the Dungeon)

   Str:       It affects your strength (+4).
   rElec:     It insulates you from electricity.
   Contam:    It causes magical contamination when unequipped.
Missiles
 w - 93 poisoned darts (quivered)
 D - 6 throwing nets
 O - 5 curare-tipped darts
Armour
 l - a +1 pair of boots (worn)
 J - a +2 cloak (worn)
 M - a +3 leather armour of fire resistance
 N - the +11 crystal plate armour of the Heavens (worn) {rCorr}
   (You took it off a kobold brigand on level 9 of the Dungeon)

   rCorr:     It protects you from acid and corrosion.
 Q - a +1 kite shield of reflection (worn)
 S - the +3 hat of Pondering (worn) {ponderous, Will+ MP+10 Int+5}
   (You bought it in a shop on level 4 of the Dungeon)

   Int:       It affects your intelligence (+5).
   MP:        It affects your magic capacity (+10).
   Will:      It increases your willpower.
Magical Staves
 e - a staff of fire
 W - the staff of cold "Puzxej" {rF+ rC+ Will+ Str+3}
   (You found it on level 5 of the Lair of Beasts)

   [staff of cold]

   Base accuracy: +5 Base damage: 5 Base attack delay: 1.2 This weapon's minimum
   attack delay (0.6) is reached at skill level 12.
   Str:       It affects your strength (+3).
   rF:        It protects you from fire.
   rC:        It protects you from cold.
   Will:      It increases your willpower.
   It falls into the 'Staves' category.
   It is a one-handed weapon.
Jewellery
 m - a +6 ring of dexterity (left hand)
 u - an amulet of regeneration (around neck)
 I - a ring of poison resistance (right hand)
 U - a ring of flight
 Z - a +6 ring of dexterity
Wands
 p - a wand of digging (3)
 s - a wand of polymorph (7)
 t - a wand of charming (23)
 E - a wand of roots (5)
 R - a wand of flame (33)
Scrolls
 c - 11 scrolls of teleportation
 g - 5 scrolls of immolation
 h - 4 scrolls of identify
 i - 6 scrolls of poison
 n - a scroll of blinking
 r - 4 scrolls of amnesia
 y - 3 scrolls of enchant armour
 B - 4 scrolls of magic mapping
 T - 6 scrolls of fog
 V - a scroll of enchant weapon
Potions
 d - 3 potions of cancellation
 f - 2 potions of berserk rage
 j - 3 potions of ambrosia {unknown}
 k - 11 potions of curing
 o - 5 potions of might {unknown}
 z - 2 potions of haste
 C - 6 potions of mutation {unknown}
 F - 4 potions of attraction
 G - 2 potions of brilliance {unknown}
 H - a potion of invisibility
 K - 2 potions of resistance
 L - a potion of flight
Miscellaneous
 P - a lightning rod (4/4)


   Skills:
 * Level 7.7 Fighting
 * Level 8.0(9.8) Short Blades
 * Level 8.9(10.3) Long Blades
 + Level 0.3 Staves
 + Level 1.8 Throwing
 * Level 7.3 Armour
 * Level 7.2 Dodging
 + Level 3.4 Stealth
 * Level 6.1 Shields
 * Level 12.0 Spellcasting
 * Level 8.3 Conjurations
 + Level 4.8 Hexes
 * Level 7.4 Translocations
 * Level 11.4 Fire Magic
 * Level 4.6 Air Magic
 * Level 7.4 Invocations
 * Level 6.5 Evocations


You had 16 spell levels left.
You knew the following spells:

 Your Spells              Type           Power      Damage    Failure   Level
a - Foxfire               Conj/Fire      100%       2x1d9     1%          1
b - Scorch                Fire           100%       2d9       1%          2
c - Inner Flame           Hex/Fire       75%        N/A       12%         3
d - Plasma Beam           Fire/Air       37%        2x1d55    100%        6
e - Airstrike             Air            29%        2d(5-21)  86%         4
s - Flame Wave            Conj/Fire      82%        2d18      19%         4
z - Iskenderun's Mystic   Conj/Tloc      73%        2d15      41%         4

Your spell library contained the following spells:

 Spells                   Type           Power      Damage    Failure   Level
 Apportation              Tloc           100%       N/A       5%          1
 Volatile Blastmotes      Fire/Tloc      100%       2d18      7%          3
 Static Discharge         Conj/Air       100%       2-7/arc   12%         2
 Swiftness                Air            58%        N/A       45%         3
 Fireball                 Conj/Fire      41%        3d17      47%         5
 Ensorcelled Hibernation  Hex/Ice        88%        N/A       54%         2
 Fulminant Prism          Conj/Hex       34%        3d16      61%         4
 Necrotise                Necr           96%        1d8       75%         1
 Summon Small Mammal      Summ           96%        N/A       75%         1
 Summon Guardian Golem    Hex/Summ       44%        N/A       78%         3
 Passwall                 Tmut/Erth      20%        N/A       86%         2
 Sublimation of Blood     Necr           24%        N/A       86%         2
 Starburst                Conj/Fire      41%        6d12      96%         6
 Call Canine Familiar     Summ           24%        N/A       98%         3
 Frozen Ramparts          Ice            48%        1d8       98%         3
 Vampiric Draining        Necr           24%        2d7       98%         3
 Summon Lightning Spire   Summ/Air       43%        N/A       99%         4
 Irradiate                Conj/Tmut      28%        3d21      99%         5
 Ice Form                 Ice/Tmut       24%        N/A       100%        4
 Petrify                  Tmut/Erth      24%        N/A       100%        4
 Summon Ice Beast         Ice/Summ       24%        N/A       100%        4
 Agony                    Necr           24%        N/A       100%        5
 Alistair's Intoxication  Tmut/Pois      16%        N/A       100%        5
 Borgnjor's Vile Clutch   Necr/Erth      12%        N/A       100%        5
 Lee's Rapid Deconstruct  Erth           12%        3d8*      100%        5
 Eringya's Noxious Bog    Tmut/Pois      12%        N/A       100%        6
 Orb of Destruction       Conj           37%        9d11      100%        7
 Spellforged Servitor     Conj/Summ      28%        N/A       100%        7


Dungeon Overview and Level Annotations

Branches:
Dungeon (15/15)            Temple (1/1) D:7            Lair (5/5) D:8
 Shoals (1/4) Lair:3       Spider (3/4) Lair:3        Slime (0/5) Lair:4
    Orc (2/2) D:11            Elf (0/3) Orc:2        Vaults (0/5) D:14
 Depths (0/4) D:15

Altars:
Ashenzari
Cheibriados
Elyvilon
Gozag
Hepliaklqana
Kikubaaqudgha
Nemelex Xobeh
Okawaru
Qazlal
Ru
Sif Muna
Trog
Uskayaw
Vehumet
Wu Jian
Xom
Zin
Jiyva

Shops:
D:3 *   D:4 ?[([   D:5 *(   D:7 *   D:9 [   Orc:1 =   Orc:2 *[:(

Annotations:
D:5 1 runed translucent door, Crazy Yiuf
Lair:5 exclusion: obsidian statue
Spider:1 1 runed translucent door, Goaghut's ghost, adept KoBe


Innate Abilities, Weirdness & Mutations

You have razor-sharp teeth.
Your natural rate of healing is unusually fast.
When hurt, damage is shared between your health and your magic reserves.
Your bite disrupts and absorbs the magic of your enemies.
Potions cannot restore your health.


Message History

The boulder beetle is lightly wounded.
The flame wave engulfs the steelbarb worm!
The steelbarb worm resists.
The steelbarb worm is heavily wounded.
The flame wave engulfs the entropy weaver!!
The entropy weaver is severely wounded.
The flame wave engulfs the radroach!!
The radroach is moderately wounded.
The flame wave engulfs the orb spider!
The orb spider is heavily wounded.
You finish channelling waves of flame.
You hear a faint skittering sound. x5
You block the steelbarb worm's attack. The boulder beetle bites you!!
You block the entropy weaver's attack.
The entropy weaver hits you but does no damage.
The entropy weaver hits you.
The entropy weaver hits you but does no damage.
A demonic crawler comes into view.
Activating: Slouch (6% risk of failure)
Press: ? - help, Dir - look around, f - activate You can feel time thicken for a moment.
You kill the steelbarb worm!
Cheibriados thoroughly appreciates the change of pace.
You kill the entropy weaver!
Cheibriados thoroughly appreciates the change of pace.
You kill the moth of wrath!
Cheibriados thoroughly appreciates the change of pace.
You kill the orb spider!
Cheibriados thoroughly appreciates the change of pace.
The boulder beetle bites you but does no damage.
The boulder beetle bites you!
Unknown command.
Unknown command.
Unknown command.
The boulder beetle closely misses you.
A broodmother comes into view.
The boulder beetle barely misses you.
The radroach erupts in a fountain of uncontrolled magic!
You are blasted with magical radiation!!
You die...

#s . .#. #.#
......
#####..##.#....
#...#^..^.....#
#.^......#$.^.#
...^#..#..w..#.#
.#....†.B...s†..
.......@.....#
.....^.B##[.....
..##..#†. ...#.
....#...( ....
...#.#.).#^ ?..
.. . ....... ..
# . ^#.#†. .. .
.. ... ... .^


You could see a broodmother (wandering), a radroach, a boulder beetle (berserk),
a steelbarb worm and a demonic crawler.

Vanquished Creatures
  Saint Roka (Orc:2)
  Jorgrun (Orc:1)
  Agnes (Spider:1)
  A ghost moth (Spider:2)
  An orc warlord (Orc:2)
  A broodmother (Spider:3)
  Nessos (Lair:5)
  2 dire elephants (Lair:5)
  2 entropy weavers (Spider:3)
  A great orb of eyes (D:15)
  Harold (Orc:1)
  Erolcha (D:9)
  6 hydras
  5 two-headed ogres
  A catoblepas (D:13)
  3 radroaches
  5 boulder beetles
  A jorogumo (Spider:1)
  5 centaur warriors
  5 tengu warriors
  3 spectral dire elephants (Lair:5)
  12 death yaks
  Urug (Orc:2)
  4 orc high priests
  3 skysharks
  2 spectral death yaks (Lair:5)
  Amaemon (Lair:3)
  4 pharaoh ants
  A spectral anaconda (Lair:5)
  2 wizards (D:14)
  5 orb spiders
  9 slime creatures
  4 deep elf pyromancers
  5 steelbarb worms
  3 orc knights (Orc:2)
  3 necromancers (Lair:5)
  18 ugly things
  5 orc sorcerers
  10 wolf spiders
  5 manticores
  2 cyclopes
  A moth of wrath (Spider:3)
  A dire elephant zombie (Lair:5)
  A molten gargoyle (D:15)
  5 black mambas
  11 elephants (Lair:5)
  7 demonic crawlers
  Maggie (D:8)
  An orange demon (Lair:3)
  4 kobold demonologists
  17 cane toads
  A gargoyle (D:11)
  7 komodo dragons
  2 rime drakes
  An efreet (D:14)
  2 tengu conjurers
  7 trolls
  3 meliai (Spider:2)
  3 polar bears
  16 tarantellas
  7 blink frogs
  Prince Ribbit (D:9)
  4 spectral elephants (Lair:5)
  8 dream sheep (Lair:5)
  A jumping spider (shapeshifter) (D:15)
  7 jumping spiders
  A centaur simulacrum (D:15)
  2 shadows (D:10)
  2 wraiths
  A spriggan (Lair:1)
  7 culicivoras
  6 wyverns
  2 fire elementals (D:15)
  A basilisk (Lair:5)
  24 yaks
  Grum (D:9)
  35 redbacks
  12 vampire mosquitoes
  5 wargs
  A steam dragon (D:8)
  2 death yak simulacra (Lair:5)
  Menkaure (D:4)
  8 acid dragons
  3 spectral cane toads (Lair:5)
  25 water moccasins
  33 orc warriors
  5 black bears
  20 wolves
  4 boggarts (D:15)
  8 ogres
  An elephant skeleton (Lair:5)
  16 centaurs
  9 kobold brigands
  9 bullfrogs
  5 gnoll sergeants
  5 scorpions
  6 wights
  11 killer bees
  2 elephant simulacra (Lair:5)
  8 howler monkeys
  3 lava snakes (D:15)
  3 jellies (Lair:4)
  25 orc priests
  2 hounds (D:5)
  2 sleepcaps
  3 iguanas
  29 orc wizards
  11 gnolls
  3 adders
  A shadow imp (D:7)
  A white imp (D:7)
  A worm (D:3)
  75 orcs
  6 ball pythons
  5 bats
  5 endoplasms
  13 giant cockroaches
  8 hobgoblins
  2 jackals (D:3)
  47 kobolds
  5 quokkas
  4 frilled lizards (D:1)
  9 goblins
  4 rats
  2 fire vortices (D:15)
816 creatures vanquished.

Vanquished Creatures (collateral kills)
  A wraith (D:9)
  A steam dragon (D:9)
  An acid dragon (D:9)
  A bullfrog (D:9)
  2 killer bees (D:8)
  A jelly (D:8)
  An orc (D:8)
  9 foxfires (D:8)
17 creatures vanquished.

Vanquished Creatures (others)
  A boulder beetle (D:9)
  A jorogumo (Spider:2)
  A hornet (D:8)
  A jumping spider (Spider:2)
  2 orc warriors (Orc:2)
  A bullfrog (D:9)
  An orc wizard (D:8)
  An orc (Orc:2)
  793 foxfires
  76 fungi
  94 plants
  19 withered plants (Lair:5)
991 creatures vanquished.

Grand Total: 1824 creatures vanquished

Notes
Turn   | Place    | Note
-------+----------+-------------------------------------------
     0 | D:1      | Morbidden the Vine Stalker Fire Elementalist began the
                  | quest for the Orb.
     0 | D:1      | Reached XP level 1. HP: 9/9 MP: 4/4
   267 | D:1      | Reached XP level 2. HP: 11/13 MP: 0/6
   622 | D:1      | Reached XP level 3. HP: 13/16 MP: 8/8
  1155 | D:2      | You fall into a shaft and drop 2 floors!
  1160 | D:4      | Learned a level 2 spell: Scorch
  1164 | D:4      | Learned a level 3 spell: Inner Flame
  1222 | D:4      | Noticed a scorpion
  1228 | D:4      | Killed a scorpion
  1229 | D:4      | Reached skill level 3 in Spellcasting
  1229 | D:4      | Gained mutation: Your natural rate of healing is unusually
                  | fast. [Vine Stalker growth]
  1229 | D:4      | Reached XP level 4. HP: 21/21 MP: 1/9
  1326 | D:4      | Noticed Menkaure
  1329 | D:4      | Killed Menkaure
  1330 | D:4      | Reached skill level 1 in Fighting
  1330 | D:4      | Reached skill level 1 in Short Blades
  1330 | D:4      | Reached skill level 1 in Hexes
  1330 | D:4      | Reached XP level 5. HP: 25/25 MP: 3/11
  1426 | D:4      | Found Riygi's Antique Armour Shoppe.
  1512 | D:4      | Identified the +3 leather armour "Forget-Me-Not" {rElec rC-
                  | Slay+2}
  1535 | D:4      | Found Odda's Antique Weapon Emporium.
  1713 | D:4      | Found Witenod's Magic Scroll Boutique.
  1726 | D:4      | Bought a scroll of blinking for 90 gold pieces
  1726 | D:4      | Bought a scroll of teleportation for 36 gold pieces
  1792 | D:4      | Reached skill level 1 in Armour
  1792 | D:4      | Reached XP level 6. HP: 30/30 MP: 4/12
  1892 | D:4      | Found Deifim's Antique Armour Boutique.
  1971 | D:3      | Identified the +7 dagger of the Past {drain, Contam rElec
                  | Str+4}
  1990 | D:3      | Found a shimmering blue altar of Sif Muna.
  2001 | D:3      | Identified the +3 whip of Jeitral {freeze, rN+ Will+ MP+9}
  2053 | D:3      | Found a hazy altar of Hepliaklqana.
  2113 | D:3      | Found Sumpu's Assorted Antiques.
  3518 | D:4      | Found an iron altar of Okawaru.
  3547 | D:5      | Entered Level 5 of the Dungeon
  3646 | D:5      | Reached skill level 4 in Spellcasting
  3651 | D:5      | Reached XP level 7. HP: 33/33 MP: 3/14
  3892 | D:5      | Found Diucehee's Serpentskin Sales.
  3908 | D:5      | Reached skill level 5 in Fire Magic
  4113 | D:5      | Gained mutation: You have razor-sharp teeth. [Vine Stalker
                  | growth]
  4113 | D:5      | Reached XP level 8. HP: 39/39 MP: 7/16
  4384 | D:5      | Found Waocaxto's Antique Weapon Shop.
  4554 | D:5      | Found a hide-covered altar of Uskayaw.
  4824 | D:5      | Found a runed translucent door.
  4825 | D:5      | Noticed Crazy Yiuf
  5031 | D:6      | Reached skill level 5 in Spellcasting
  5409 | D:6      | Found a bloodstained altar of Trog.
  5410 | D:6      | Found a radiant altar of Vehumet.
  6270 | D:7      | Reached XP level 9. HP: 43/43 MP: 12/18
  6407 | D:7      | Found a staircase to the Ecumenical Temple.
  6435 | Temple   | Entered the Ecumenical Temple
  6532 | Temple   | Became a worshipper of Cheibriados the Contemplative
  6717 | D:7      | Found an ancient bone altar of Kikubaaqudgha.
  6829 | D:7      | Found Ruitzilo's Profane Products.
  7167 | D:8      | Learned a level 4 spell: Iskenderun's Mystic Blast
  7171 | D:8      | Reached skill level 6 in Spellcasting
  7219 | D:8      | Noticed Maggie
  7241 | D:8      | Killed Maggie
  7480 | D:8      | Reached skill level 1 in Translocations
  7480 | D:8      | Reached skill level 1 in Invocations
  7502 | D:8      | Reached skill level 1 in Evocations
  7574 | D:8      | Reached * piety under Cheibriados
  7597 | D:8      | Reached XP level 10. HP: 46/49 MP: 7/21
  7693 | D:8      | Reached skill level 7 in Spellcasting
  7776 | D:8      | Noticed a two-headed ogre
  7782 | D:8      | Killed a two-headed ogre
  7912 | D:8      | Found a staircase to the Lair.
  8401 | D:8      | Reached ** piety under Cheibriados
  8920 | D:9      | Found Upacasig's Antique Armour Shoppe.
  8923 | D:9      | Noticed Erolcha
  8930 | D:9      | Noticed a two-headed ogre
  8932 | D:9      | Killed Erolcha
  8933 | D:9      | Reached skill level 8 in Spellcasting
  8936 | D:9      | Killed a two-headed ogre
  9192 | D:9      | Noticed Grum
  9207 | D:9      | Noticed Prince Ribbit
  9219 | D:9      | Killed Prince Ribbit
  9219 | D:9      | Reached *** piety under Cheibriados
  9220 | D:9      | Reached XP level 11. HP: 49/52 MP: 9/24
  9227 | D:9      | Learned a level 4 spell: Flame Wave
  9427 | D:9      | Identified the +6 mace of Intuition {vamp, Will+ Int+4}
  9427 | D:9      | Noticed a deep elf pyromancer
  9437 | D:9      | Killed a deep elf pyromancer
  9490 | D:9      | Noticed a six-headed hydra
  9497 | D:9      | Noticed a boulder beetle
  9578 | D:9      | HP: 2/53 [troll (4)]
  9839 | D:9      | Killed a six-headed hydra
  9840 | D:9      | Reached skill level 9 in Spellcasting
  9994 | D:9      | Killed Grum
  9994 | D:9      | Reached **** piety under Cheibriados
 10064 | D:9      | Identified the +11 crystal plate armour of the Heavens
                  | {rCorr}
 10753 | Lair:1   | Entered Level 1 of the Lair of Beasts
 10767 | D:8      | Reached skill level 5 in Conjurations
 10914 | Lair:1   | Reached ***** piety under Cheibriados
 11028 | Lair:1   | Reached XP level 12. HP: 51/58 MP: 22/26
 11110 | Lair:1   | Reached skill level 5 in Short Blades
 11128 | Lair:1   | Noticed a boulder beetle
 11165 | Lair:1   | Killed a boulder beetle
 11200 | Lair:1   | Noticed an eight-headed hydra
 11211 | Lair:1   | Killed an eight-headed hydra
 11212 | Lair:1   | Reached skill level 1 in Throwing
 11212 | Lair:1   | Reached skill level 1 in Shields
 11292 | Lair:1   | Noticed a skyshark
 11297 | Lair:1   | Killed a skyshark
 12062 | Lair:2   | Reached skill level 5 in Armour
 12273 | Lair:2   | Reached skill level 5 in Fighting
 12331 | Lair:2   | Found the +8 demon blade "Leech" {evervamp, Harm Drain rN+}
 12577 | Lair:2   | Reached skill level 5 in Dodging
 12836 | Lair:3   | Found a hole to the Spider Nest.
 12854 | Lair:3   | Reached skill level 1 in Long Blades
 12854 | Lair:3   | Noticed Amaemon
 12901 | Lair:3   | Killed Amaemon
 12933 | Lair:3   | Noticed a death yak
 12937 | Lair:3   | Noticed a death yak
 12938 | Lair:3   | Noticed a death yak
 12938 | Lair:3   | Noticed a death yak
 12940 | Lair:3   | Noticed a death yak
 12941 | Lair:3   | Noticed a death yak
 13024 | Lair:3   | Killed a death yak
 13029 | Lair:3   | Killed a death yak
 13038 | Lair:3   | Killed a death yak
 13039 | Lair:3   | Reached XP level 13. HP: 63/63 MP: 27/27
 13043 | Lair:3   | Reached ****** piety under Cheibriados
 13049 | Lair:3   | Reached skill level 10 in Spellcasting
 13706 | Lair:3   | Found a staircase to the Shoals.
 13917 | D:4      | Bought the +3 hat of Pondering {ponderous, Will+ MP+10
                  | Int+5} for 647 gold pieces
 13917 | D:4      | Found the +3 hat of Pondering {ponderous, Will+ MP+10
                  | Int+5}
 14311 | Lair:3   | Reached skill level 5 in Invocations
 14343 | Shoals:1 | Entered Level 1 of the Shoals
 14454 | Lair:3   | Found a hole to the Spider Nest.
 14579 | Lair:3   | Found a staircase to the Shoals.
 15807 | Lair:4   | Found a viscous altar of Jiyva.
 15809 | Lair:4   | Found a staircase to the Slime Pits.
 15988 | Lair:5   | Entered Level 5 of the Lair of Beasts
 15988 | Lair:5   | Noticed Nessos
 16000 | Lair:4   | Reached skill level 5 in Translocations
 16079 | Lair:5   | Killed Nessos
 16080 | Lair:5   | Reached skill level 10 in Fire Magic
 16184 | Lair:5   | Reached XP level 14. HP: 69/69 MP: 24/29
 16964 | Lair:5   | Noticed a dire elephant
 16965 | Lair:5   | Noticed a dire elephant
 16976 | Lair:5   | Reached skill level 5 in Long Blades
 17248 | Lair:5   | Killed a dire elephant
 17257 | Lair:5   | Killed a dire elephant
 17271 | Lair:5   | Reached skill level 5 in Evocations
 17431 | Lair:5   | Identified the staff of cold "Puzxej" {rF+ rC+ Will+ Str+3}
 17827 | D:10     | Entered Level 10 of the Dungeon
 18126 | D:10     | Learned a level 6 spell: Plasma Beam
 18569 | D:11     | Found the +5 Force Lance {heavy, knockback}
 18970 | D:11     | Found a staircase to the Orcish Mines.
 19823 | D:12     | Reached skill level 1 in Air Magic
 19828 | D:12     | Reached skill level 11 in Spellcasting
 19862 | D:12     | Found an ornate altar of the Wu Jian Council.
 20168 | D:13     | Reached XP level 15. HP: 74/74 MP: 31/31
 21980 | D:14     | Found a gate to the Vaults.
 22301 | D:15     | Entered Level 15 of the Dungeon
 22303 | D:15     | Found a broken altar of Ashenzari.
 22550 | D:15     | Learned a level 4 spell: Airstrike
 23460 | D:15     | Found a staircase to the Depths.
 24215 | Orc:1    | Entered Level 1 of the Orcish Mines
 24344 | Orc:1    | Found Yzxia's Jewellery Shop.
 24384 | Orc:1    | Noticed Jorgrun
 24394 | Orc:1    | Killed Jorgrun
 24395 | Orc:1    | Reached XP level 16. HP: 68/79 MP: 32/32
 24615 | Orc:1    | Noticed Harold
 24622 | Orc:1    | Killed Harold
 24667 | Orc:2    | Entered Level 2 of the Orcish Mines
 24680 | Orc:2    | Reached skill level 5 in Shields
 24689 | Orc:2    | Noticed Urug
 24703 | Orc:2    | Killed Urug
 24882 | Orc:2    | Found a staircase to the Elven Halls.
 24888 | Orc:2    | Noticed Saint Roka
 24918 | Orc:2    | Killed Saint Roka
 25117 | Orc:2    | Found a shimmering altar of Xom.
 25291 | Orc:2    | Found Erusapp's General Store.
 25292 | Orc:2    | Found Zietisu's Book Shoppe.
 25294 | Orc:2    | Found Cuomaom's Antique Armour Shoppe.
 25294 | Orc:2    | Found Eguyttit's Antique Weapon Emporium.
 25604 | Spider:1 | Entered Level 1 of the Spider Nest
 25661 | Spider:1 | Noticed Agnes
 25666 | Spider:1 | Killed Agnes
 25959 | Spider:1 | Found a runed translucent door.
 26048 | Spider:1 | Noticed Goaghut's ghost (adept KoBe)
 26930 | Spider:2 | Reached XP level 17. HP: 74/84 MP: 33/33
 27002 | Spider:2 | Reached skill level 12 in Spellcasting
 27541 | Spider:3 | Slain by a radroach

Illustrated notes

Levels and vault maps discovered:
D:1:      spicycebolla_green_bress_n_ham_2, layout_basic, bh_walls_and_bars
D:2:      minmay_roachtagon, layout_basic
D:3:      layout_basic, nicolae_hepliaklqana_hippocampus,
          mainiacjoe_overflow_small_starburst, serial_glass, glass_columns_a,
          glass_columns_c, due_unseen_surprise, minmay_strange_pillars,
          serial_shops, shop
D:4:      layout_loops_ring, okawaru_altar_gauntlet_db, serial_shops,
          nicolae_shop_statue_plus, nicolae_stop_n_shop_1,
          nicolae_shop_tiny_waterfront, shop, uniq_menkaure
D:5:      layout_loops_ring, nicolae_uskayaw_murder_on_the_dancefloor,
          serial_shops, shop, mrwooster_statue_mirror, guppyfry_shop_venom,
          uniq_crazy_yiuf_cottage
D:6:      layout_layer_cave, nicolae_overflow_squiral
D:7:      layout_rooms, old_standard_altar, minmay_temple_entry_wispy,
          nicolae_evil_shop
D:8:      layout_basic, due_lair_maze_entry_diamond, uniq_maggie
D:9:      minmay_the_grid_plus [minmay_the_grid_spikes,
          minmay_the_grid_embedded, minmay_the_grid_mess,
          minmay_the_grid_minigrid_large, minmay_the_grid_prize_trominoes],
          layout_loops_ring, serial_shops, nicolae_diamond_shop, uniq_grum,
          uniq_erolcha, uniq_prince_ribbit1
D:10:     nicolae_hitomezashi [nicolae_hito_row, nicolae_hito_row,
          nicolae_hito_row, nicolae_hito_row, nicolae_hito_row,
          nicolae_hito_row, nicolae_hito_row, nicolae_hito_row,
          nicolae_hito_row, nicolae_hito_row, nicolae_hito_row,
          nicolae_hito_row, nicolae_hito_row, nicolae_hito_row,
          nicolae_hito_row, nicolae_hito_row, nicolae_hito_row,
          nicolae_hito_row], layout_basic, kennysheep_nub,
          minmay_increasing_density
D:11:     layout_irregular_city, erik_orc_3
D:12:     layout_loops_cross, minivault_23, pdpol_wu_jian_five_deadly_venoms
D:13:     layout_gridville, nicolae_titane
D:14:     layout_stronghold, david_vaults_1, minmay_misc_feat_plants
D:15:     gammafunk_enter_depths_forms, layout_basic, ashenzari_altar_1,
          lemuel_flamethrower_1
Temple:   bh_familiar_temple
Lair:1:   layout_regular_city, minivault_27, st_stairs_13,
          grunt_forest_large_clearing_hut
Lair:2:   layout_loops_ring, dreamdust_deal_with_the_devil, wad_woods_road_03,
          chequers_serial_rivers_micro_c
Lair:3:   layout_layer_cave, shoals_dummy_entry, spider_nest_entry_web_field,
          grunt_forest_stairs_basic, st_stairs_5, beast_lair_carwin_6,
          grunt_megastairs_2, uniq_amaemon
Lair:4:   layout_misc_corridors, nicolae_slime_entry_slimehenge,
          lemuel_fruit_tree, grunt_megastairs_3, lemuel_fruit_fields
Lair:5:   due_jungle_book, layout_long_grid, st_stairs_3, wad_woods_river_01,
          uniq_nessos
Shoals:1: layout_shoals, nicolae_shoals_lost_giant_pillars
Spider:1: layout_spider_delve, ebering_ghost_reflecting_pool, uniq_agnes
Spider:2: layout_chambers
Spider:3: layout_spider_delve, hellmonk_spider_spawner
Orc:1:    dreamdust_dug_too_deep, layout_diamond_mine, serial_shops, shop,
          basic_altar, nicolae_orc_crystal_geode, uniq_jorgrun, uniq_harold
Orc:2:    st_orc_congregation, layout_diamond_mine, basic_altar,
          uniq_saint_roka, uniq_urug

Skill      XL: |  1  2  3  4  5  6  7  8  9 10 11 12 13 14 15 16 17 |
---------------+----------------------------------------------------+-----
Spellcasting   | 3 4 5 6 8 9 10 11 12 | 12.0
Fighting       | 1 2 3 4 5 6 7 |  7.7
Short Blades   | 1 2 3 4 5 6 7 8 |  8.0
Dodging        | 2 3 4 5 6 7 |  7.2
Stealth        | 3 |  3.4
Hexes          | 1 3 4 |  4.8
Armour         | 1 2 3 4 5 6 7 |  7.3
Fire Magic     | 4 5 6 7 8 9 10 11 | 11.4
Conjurations   | 2 3 4 5 6 7 8 |  8.3
Translocations | 1 2 3 4 5 6 7 |  7.4
Invocations    | 1 2 3 4 5 6 7 |  7.4
Evocations     | 1 2 3 4 5 6 |  6.5
Throwing       | 1 |  1.8
Shields        | 1 3 4 5 6 |  6.1
Long Blades    | 2 4 6 7 8 |  8.9
Air Magic      | 1 3 4 |  4.6
Staves         | |  0.3

Action                     |  1- 3 |  4- 6 |  7- 9 | 10-12 | 13-15 | 16-18 || total
---------------------------+-------+-------+-------+-------+-------+-------++-------
  Melee: Short sword       |    25 |       |       |       |       |       ||    25
         Bite              |     8 |     4 |    10 |   176 |   304 |   126 ||   628
         Dagger            |    23 |    10 |    30 |   331 |       |       ||   394
         Staff             |       |     3 |     2 |     1 |       |       ||     6
         Punch             |       |       |     1 |       |       |       ||     1
         Demon blade       |       |       |       |    67 |   672 |   312 ||  1051
  Throw: Dart              |       |       |       |    14 |       |    50 ||    64
   Cast: Foxfire           |    28 |    79 |   145 |   131 |   108 |    16 ||   507
         Scorch            |     2 |    20 |    54 |   130 |   170 |     1 ||   377
         Inner Flame       |       |       |       |     2 |     3 |       ||     5
         Flame Wave        |       |       |       |     3 |    11 |    14 ||    28
 Invoke: Slouch            |       |       |       |       |     4 |     8 ||    12
         Bend Time         |       |       |       |       |     1 |       ||     1
  Evoke: Wand              |       |       |     7 |    19 |       |       ||    26
         Lightning rod     |       |       |       |       |       |     4 ||     4
    Use: Potion            |       |       |     1 |     3 |       |     1 ||     5
         Scroll            |       |       |       |    18 |     5 |    14 ||    37
   Stab: Sleeping          |     2 |     1 |       |       |       |       ||     3
 Armour: Robe              |    14 |       |       |       |       |       ||    14
         Leather armour    |       |    13 |    12 |       |       |       ||    25
         Acid dragon scale |       |       |    11 |    32 |       |       ||    43
         Crystal plate arm |       |       |       |   268 |   504 |   346 ||  1118
  Dodge: Dodged            |    26 |    14 |    46 |   234 |   316 |   191 ||   827
  Block: Buckler           |       |       |       |   112 |   277 |       ||   389
         Kite shield       |       |       |       |       |   192 |   440 ||   632
         Reflection        |       |       |       |       |    31 |     6 ||    37

Table legend: (Time is in decaauts)
 A = Elapsed time spent in this place.
 B = Non-inter-level travel time spent in this place.
 C = Inter-level travel time spent in this place.
 D = Time resting spent in this place.
 E = Time spent auto-exploring this place.
 F = Levels seen in this place.
 G = Mean time per level.
                   A        B        C        D        E       F      G
               +--------+--------+--------+--------+--------+-----+--------+
         Total |  40731 |  37975 |   2756 |    736 |  31718 |  27 | 1508.6 |
       Dungeon |  23374 |  21710 |   1664 |    666 |  17968 |  15 | 1558.3 |
        Temple |    130 |     77 |     53 |      0 |     69 |   1 |  130.0 |
          Lair |  11749 |  10957 |    792 |     70 |   9432 |   5 | 2349.8 |
        Shoals |     12 |     12 |      0 |      0 |      0 |   1 |   12.0 |
   Spider Nest |   3330 |   3204 |    126 |      0 |   2615 |   3 | 1110.0 |
  Orcish Mines |   2133 |   2014 |    119 |      0 |   1632 |   2 | 1066.5 |
               +--------+--------+--------+--------+--------+-----+--------+

Top non-repeatable levels by time:
  Lair:3: 4387 daAuts
    D:15: 3184 daAuts
  Lair:5: 2730 daAuts
Spider:2: 2505 daAuts
     D:9: 2350 daAuts
    D:14: 2154 daAuts
     D:8: 1998 daAuts
  Lair:1: 1732 daAuts
  Lair:2: 1700 daAuts
    D:11: 1691 daAuts
    D:13: 1685 daAuts
     D:5: 1547 daAuts
    D:12: 1453 daAuts
   Orc:2: 1321 daAuts
     D:6: 1305 daAuts
